 Dungeon Crawl Stone Soup version 0.30-a0-748-ge6a52f7cba (webtiles) character file.

Game seed: 18401647042432655716

4367 Pooter the Cleaver (level 10, -4/141 HPs)
             Began as a Minotaur Berserker on Feb 9, 2023.
             Was a Believer of Trog.
             Slain by a meliai
             ... wielding a +0 broad axe
              (7 damage)
             ... on level 8 of the Dungeon.
             The game lasted 00:41:11 (7560 turns).

Pooter the Cleaver (Minotaur Berserker)             Turns: 7560, Time: 00:41:12

Health: -4/141     AC: 15    Str: 28    XL:     10   Next: 13%
Magic:  8/8        EV:  9    Int:  5    God:    Trog [**....]
Gold:   575        SH:  0    Dex: 15    Spells: 9/9 levels left

rFire   . . .      SeeInvis +    a - +1 battleaxe
rCold   x . .      Faith    .    (shield currently unavailable)
rNeg    . . .      Spirit   .    u - +2 chain mail
rPois   .          Reflect  .    (helmet restricted)
rElec   .          Harm     .    (no cloak)
rCorr   .          Rampage  .    r - +0 pair of gloves
Will    .....                    l - +2 pair of boots Stlth
                                 M - amulet of the acrobat
HPRegen 0.43/turn                S - ring of see invisible
MPRegen 0.11/turn                j - +6 ring of dexterity

@: berserking, very quick
A: horns 2, retaliatory headbutt, low MP 1, strong 1, cold vulnerability 1,
MP-powered wands
a: Renounce Religion, Berserk, Trog's Hand


You were on level 8 of the Dungeon.
You worshipped Trog.
Trog was pleased with you.
You visited 1 branch of the dungeon, and saw 8 of its levels.
You also visited: Sewer.

You collected 575 gold pieces.

Inventory:

Hand Weapons
 a - a +1 battleaxe (weapon)
   (You took it off a wight on level 7 of the Dungeon)
 b - a +3 triple crossbow of electrocution
   (You acquired it on level 8 of the Dungeon)
 h - a +0 trident
   (You took it off an orc priest on level 4 of the Dungeon)
 A - a +0 hand axe
 E - a +3 whip of electrocution
   (You found it on level 4 of the Dungeon)
 K - a +2 vampiric hand axe
   (You took it off an orc priest on level 4 of the Dungeon)
Missiles
 g - 17 poisoned darts
 t - 4 boomerangs
 J - a throwing net {!f}
 Q - 54 stones (quivered)
Armour
 l - a +2 pair of boots (worn)
   (You found it on level 1 of the Dungeon)
 r - a +0 pair of gloves (worn)
   (You found it on level 3 of the Dungeon)
 u - a +2 chain mail (worn)
   (You took it off an orc on level 4 of the Dungeon)
Jewellery
 j - a +6 ring of dexterity (right hand)
   (You found it on level 5 of the Dungeon)
 o - an amulet of faith {!P}
   (You found it on level 2 of the Dungeon)
 M - an amulet of the acrobat (around neck)
   (You found it on level 7 of the Dungeon)
 S - a ring of see invisible (left hand)
   (You found it on level 5 of the Dungeon)
Wands
 x - a wand of acid (4)
   (You found it on level 7 of the Dungeon)
Scrolls
 i - a scroll of poison {unknown}
 k - 2 scrolls of blinking
 n - 3 scrolls of vulnerability {!r}
 q - 2 scrolls of fear
 v - a scroll of immolation {!r}
 y - 6 scrolls of teleportation {unknown}
 z - a scroll of magic mapping
 I - a scroll of fog {unknown}
Potions
 c - a potion of haste {unknown}
 d - a potion of brilliance {unknown}
 e - a potion of lignification {unknown}
 f - 3 potions of resistance
 m - a potion of mutation {!q}
 p - a potion of cancellation {unknown}
 s - 2 potions of might {unknown}
 w - 2 potions of invisibility {unknown}
 B - 3 potions of curing {@q1}
 G - 2 potions of degeneration {unknown}
 H - 3 potions of attraction {unknown}
 L - 2 potions of flight {unknown}
Miscellaneous
 F - a piece from Xom's chessboard (15/15)
   (You found it on level 6 of the Dungeon)


   Skills:
 + Level 10.4 Fighting
 * Level 14.0 Axes
 * Level 4.5 Ranged Weapons
 - Level 2.4 Armour
 - Level 2.1 Dodging


You had 9 spell levels left.
You didn't know any spells.
Your spell library was empty.

Dungeon Overview and Level Annotations

Branches:
Dungeon (8/15)             Temple (0/1) D:4           Sewer (visited)
   Lair: D:8-11

Altars:
Ashenzari
Dithmenos
Gozag
Vehumet
Xom
Zin
The Shining One

Shops:
D:4 (


Innate Abilities, Weirdness & Mutations

You have a pair of horns on your head.
You reflexively headbutt those who attack you in melee.
Your magical capacity is low. (-10% MP)
Your muscles are strong. (Str +4, Int/Dex -1)
You are vulnerable to cold. (rC-)
You expend magic power (3 MP) to strengthen your wands.


Message History

You hear the crackle of electricity.
b - a +3 triple crossbow of electrocution (weapon)
As you open the large door, it creaks loudly!
You hear a shout!
You hear an angry buzzing noise.
The electric eel shoots out a bolt of lightning at you!
The bolt of electricity hits you!
The electric eel shoots out a bolt of lightning at you!
The bolt of electricity hits you!
You shoot a bolt.
The bolt barely misses the electric eel.
A meliai comes into view.
It is wielding a +0 broad axe and carrying a wand of mindburst (9).
The electric eel shoots out a bolt of lightning at you!
The bolt of electricity hits you.
The meliai invokes the aid of its god against you.
Something smites you!
The electric eel shoots out a bolt of lightning at you!
The bolt of electricity hits you.
The electric eel shoots out a bolt of lightning at you!
The bolt of electricity hits you!
You are too injured to fight recklessly!
Unknown command.
You are too injured to fight recklessly!
The meliai zaps a wand.
Your mind is blasted!
* * * LOW HITPOINT WARNING * * *
A cyclops comes into view.
An electric eel comes into view.
The meliai mumbles some strange prayers to its god against you.
Something smites you!
* * * LOW HITPOINT WARNING * * *
Your +3 triple crossbow of electrocution stops crackling.
a - a +1 battleaxe (weapon)
A red film seems to cover your vision as you go berserk!
You feel yourself moving faster!
You feel mighty!
The meliai zaps a wand.
You struggle to resist.
The meliai invokes the aid of its god against you.
Something smites you!
* * * LOW HITPOINT WARNING * * *
You hit the meliai. You headbutt the meliai.
The meliai zaps a wand.
Your mind is blasted!
* * * LOW HITPOINT WARNING * * *
You closely miss the meliai.
The meliai zaps a wand.
You struggle to resist.
You miss the meliai.
The meliai hits you with a +0 broad axe!
* * * LOW HITPOINT WARNING * * *
The meliai stings you!
You die...

#.## #.#.#.# ####### #..# ##.#.##
##########.....#### #..# #.###.#
..>)).............####..# ##.#.##
###########....##.##....# #.#.#.#
#*~~~~~~~~##...##.##.#..# ##.#.##
#~~~~~~~~~~##..#.....#..# #.###.#
≈≈≈≈~~~~~≈~~##....####..# ##.#.##
≈≈≈≈~~~~~≈≈~~###@## #.## #.#.#.#
≈≈≈≈~~~~~≈≈≈~~*#y#####.# ##.#.##
≈≈≈≈~~~~~≈≈≈≈~~#.......# #.###.#
≈≈≈≈~~~~~≈≈≈≈≈~#......## ##.#.##
≈≈≈≈*,,*~≈≈≈≈≈S#......# #.#.#.#
....,~~,,C.....'.)....# ##.#.##
....,~~,,......'......### #.###.#
≈≈≈≈*,,*~S≈≈≈≈S#........# ##.#.##
≈≈≈≈~~~~~≈≈≈≈≈≈#.....##.###.#.#.#


You could see a meliai.

Vanquished Creatures
  A two-headed ogre (D:8)
  Pikel (D:5)
  A hornet (D:8)
  A wyvern (D:8)
  A steam dragon (D:8)
  Eustachio (D:5)
  2 water moccasins
  An ice beast (D:6)
  3 sky beasts (D:7)
  A centaur (D:7)
  A phantom (D:6)
  A lemure (D:4)
  3 kobold brigands
  4 bullfrogs
  3 scorpions
  9 wights
  A crimson imp (D:5)
  4 hounds
  2 jellies
  5 orc priests
  3 iguanas
  3 orc wizards
  4 gnolls (D:7)
  11 adders
  2 river rats (Sewer)
  2 shadow imps (D:8)
  3 white imps
  5 worms
  2 dart slugs
  12 orcs
  10 ball pythons
  4 bats
  5 endoplasms
  6 giant cockroaches
  2 goblins
  12 hobgoblins
  7 jackals
  4 quokkas
  13 frilled lizards
  A goblin skeleton (D:5)
  3 hobgoblin zombies (D:5)
  14 kobolds
  2 kobold skeletons (D:5)
  2 kobold zombies (D:5)
  An orc skeleton (D:5)
  8 rats
187 creatures vanquished.

Vanquished Creatures (others)
  7 plants (Sewer)
7 creatures vanquished.

Grand Total: 194 creatures vanquished

Notes
Turn   | Place    | Note
-------+----------+-------------------------------------------
     0 | D:1      | Pooter the Minotaur Berserker began the quest for the Orb.
     0 | D:1      | Reached XP level 1. HP: 19/19 MP: 0/0
   141 | D:1      | Reached skill level 4 in Axes
   171 | D:1      | Reached XP level 2. HP: 22/27 MP: 1/1
   886 | D:2      | Reached XP level 3. HP: 33/33 MP: 2/2
  1054 | D:2      | Reached skill level 5 in Axes
  1249 | D:2      | Reached XP level 4. HP: 40/41 MP: 3/3
  1293 | D:2      | Reached ** piety under Trog
  1707 | D:3      | Found a radiant altar of Vehumet.
  1853 | D:3      | Reached skill level 6 in Axes
  1853 | D:3      | Reached XP level 5. HP: 47/47 MP: 4/4
  1854 | D:3      | Reached skill level 5 in Fighting
  1989 | D:3      | You fall into a shaft and drop 2 floors!
  1989 | D:5      | Entered Level 5 of the Dungeon
  2036 | D:5      | Found a glowing golden altar of the Shining One.
  2110 | D:5      | Reached *** piety under Trog
  2179 | D:5      | Noticed Eustachio
  2272 | D:4      | Reached skill level 7 in Axes
  2307 | D:4      | Reached XP level 6. HP: 15/56 MP: 5/5
  2433 | D:4      | Found Eblodgh's Weapon Shoppe.
  2538 | D:4      | Found a glowing drain.
  2549 | Sewer    | Entered a sewer
  2737 | Sewer    | Reached skill level 8 in Axes
  2815 | Sewer    | Gained mutation: Your magical capacity is low. (-10% MP)
                  | [potion of mutation]
  2815 | Sewer    | Gained mutation: Your muscles are strong. (Str +4, Int/Dex
                  | -1) [potion of mutation]
  2815 | Sewer    | Gained mutation: You are vulnerable to cold. (rC-) [potion
                  | of mutation]
  2815 | Sewer    | Gained mutation: You expend magic power (3 MP) to
                  | strengthen your wands. [potion of mutation]
  2815 | Sewer    | HP: 2/57 [poisoned by a kobold brigand (curare-tipped
                  | dart)]
  2820 | Sewer    | Reached XP level 7. HP: 11/64 MP: 5/5
  3773 | D:3      | Reached **** piety under Trog
  3955 | D:4      | Found a staircase to the Ecumenical Temple.
  4438 | D:5      | Killed Eustachio
  4439 | D:5      | Reached skill level 9 in Axes
  4494 | D:5      | Found a broken altar of Ashenzari.
  4681 | D:5      | Noticed Pikel
  4755 | D:5      | Killed Pikel
  4756 | D:5      | Reached skill level 10 in Axes
  4756 | D:5      | Reached XP level 8. HP: 74/74 MP: 6/6
  4813 | D:5      | Reached skill level 11 in Axes
  5544 | D:6      | Reached skill level 12 in Axes
  5544 | D:6      | Reached XP level 9. HP: 69/82 MP: 7/7
  5632 | D:6      | Found a shimmering altar of Xom.
  5703 | D:6      | Found a glowing silver altar of Zin.
  5953 | D:6      | Found an opulent altar of Gozag.
  6390 | D:7      | Reached skill level 13 in Axes
  6485 | D:7      | Identified the +1 robe "Efokiq" {+Inv rN+ Dex+4}
  6500 | D:7      | Reached skill level 1 in Ranged Weapons
  6795 | D:8      | Identified a scroll of acquirement
  6795 | D:8      | Acquired a +3 triple crossbow of electrocution
  6855 | D:8      | Noticed a two-headed ogre
  6874 | D:8      | Killed a two-headed ogre
  6875 | D:8      | Reached skill level 10 in Fighting
  6926 | D:8      | Reached XP level 10. HP: 76/90 MP: 8/8
  7257 | D:8      | Reached skill level 14 in Axes
  7390 | D:8      | Found a shadowy altar of Dithmenos.
  7551 | D:8      | Noticed a cyclops
  7560 | D:8      | HP: 3/141 [meliai/+0 broad axe (9)]
  7560 | D:8      | Slain by a meliai

Illustrated notes

Levels and vault maps discovered:
D:1:      dpeg_arrival_round_b, layout_basic
D:2:      layout_basic, st_stairs_10
D:3:      layout_basic, vehumet_crystals, kennysheep_cluttered_room,
          minmay_misc_feat_columns, grunt_ministairs_14
D:4:      layout_gridville, minmay_temple_entry_from_below_a,
          cheibrodos_sewer_entry_drain, serial_shops, nicolae_shop_hallway_plus,
          nrook_uturn
D:5:      layout_loops_cross, amcnicky_altar_gilded,
          nicolae_tso_besieged_by_evil, uniq_eustachio, uniq_pikel
D:6:      layout_basic, pdpol_temple_overflow_zin_treasury_gozag_greed,
          xom_butterflies, dk_noncrumbling_4, grunt_ministairs_14
D:7:      layout_cave_pools
D:8:      kennysheep_big_flooded_room, layout_rooms,
          mainiacjoe_overflow_brackets, roderic_roman_lattice

Skill      XL: |  1  2  3  4  5  6  7  8  9 10 |
---------------+-------------------------------+-----
Axes           | 4 5 6 7 8 10 12 13 14 | 14.0
Fighting       | 4 5 6 8 10 | 10.4
Ranged Weapons | 3 4 |  4.5
Armour         | |  2.4
Dodging        | |  2.1

Action                     |  1- 3 |  4- 6 |  7- 9 | 10-12 || total
---------------------------+-------+-------+-------+-------++-------
  Melee: Hand axe          |    99 |   117 |   106 |       ||   322
         Headbutt          |    12 |    20 |    35 |     1 ||    68
         Trident           |       |    57 |    50 |       ||   107
         Punch             |       |       |     1 |       ||     1
         Battleaxe         |       |       |    23 |    10 ||    33
   Fire: Triple crossbow   |       |       |     7 |    21 ||    28
         Shortbow          |       |       |     3 |       ||     3
  Throw: Stone             |     5 |     9 |     1 |       ||    15
         Dart              |       |     8 |    10 |       ||    18
 Invoke: Berserk           |       |     3 |    10 |     1 ||    14
         Trog's Hand       |       |     3 |     2 |       ||     5
  Evoke: Wand              |       |       |     1 |       ||     1
    Use: Scroll            |       |     5 |     6 |     1 ||    12
         Potion            |       |     2 |       |       ||     2
 Armour: Animal skin       |    27 |    28 |       |       ||    55
         Chain mail        |       |    32 |    85 |    12 ||   129
         Scale mail        |       |     1 |       |       ||     1
  Dodge: Dodged            |    57 |   109 |    57 |     5 ||   228

Table legend: (Time is in decaauts)
 A = Elapsed time spent in this place.
 B = Non-inter-level travel time spent in this place.
 C = Inter-level travel time spent in this place.
 D = Time resting spent in this place.
 E = Time spent auto-exploring this place.
 F = Levels seen in this place.
 G = Mean time per level.
                   A        B        C        D        E       F      G
               +--------+--------+--------+--------+--------+-----+--------+
         Total |   7909 |   7693 |    216 |   1391 |   4381 |   9 |  878.8 |
       Dungeon |   6684 |   6468 |    216 |   1115 |   3741 |   8 |  835.5 |
         Sewer |   1224 |   1224 |      0 |    276 |    639 |   1 | 1224.0 |
               +--------+--------+--------+--------+--------+-----+--------+

Top non-repeatable levels by time:
   Sewer: 1224 daAuts
     D:5: 1038 daAuts
     D:4: 977 daAuts
     D:8: 917 daAuts
     D:6: 895 daAuts
     D:1: 870 daAuts
     D:2: 711 daAuts
     D:7: 669 daAuts
     D:3: 605 daAuts
